Map: 星軌船廠

Players

YouRush (JoJo)

  • Race: Zerg Zerg
  • League: Master

Nice - Winner!

  • Race: Protoss Protoss
  • League: Grandmaster

Event: 2016 WCS Winter Challenger Taiwan

VOD

Have the link to the VOD?

Description

Time

  • Played on: Jan. 8, 2016, 4:16 a.m.
  • Length: 12:22

All games in this series

Show
View Real Time Build Order
Export as new Build Order

YouRush Zerg 

Build Orders: Hatch First 

Get SALT Encoding   

  12  0:01  Drone  
  13  0:08  Drone  
  14  0:17  Overlord  
  14  0:37  Drone x3  
  17  0:55  Hatchery  
  16  1:03  Drone x2  
  18  1:16  Spawning Pool  
  17  1:19  Drone  
  18  1:30  Extractor  
  17  1:33  Extractor  
  17  1:35  Drone x2  
  18  1:49  Drone  
  19  1:54  Drone  
  20  2:03  Queen  
  22  2:10  Hatchery  
  22  2:14  Drone  
  22  2:15  Drone  
  23  2:17  Drone  
  23  2:21  Drone  
  25  2:27  Drone  
  26  2:30  Overlord  
  26  2:35  Metabolic Boost  
  26  2:44  Queen  
  26  2:50  Drone x2  
  30  2:51  Drone  
  30  2:54  Drone  
  32  3:01  Overlord  
  32  3:05  Zergling x2  
  32  3:11  Zergling x6  
  36  3:17  Overlord  
  36  3:20  Zergling x2  
  36  3:21  Zergling x2  
  38  3:30  Evolution Chamber  
  38  3:33  Zergling x10  
  42  3:46  Zergling x2  
  42  3:47  Zergling x10  
  48  3:53  Drone x2  
  48  3:54  Drone  
  48  3:55  Drone  
  52  4:01  Queen  
  54  4:10  Zerg Melee Weapons Level 1  
  54  4:12  Drone x3  
  54  4:14  Spore Crawler  
  54  4:15  Spore Crawler  
  55  4:17  Drone x2  
  55  4:18  Spore Crawler  
  55  4:23  Drone x2  
  58  4:29  Extractor  
  57  4:31  Drone  
  57  4:32  Overlord  
  58  4:41  Overlord  
  58  4:45  Extractor  
  56  4:46  Drone  
  56  4:47  Overlord, Drone, Extractor  
  56  4:54  Drone  
  56  4:55  Drone x7  
  60  5:04  Overlord  
  60  5:06  Lair  
  59  5:07  Drone  
  58  5:21  Drone x4  
  59  5:23  Drone x3  
  62  5:32  Drone x6  
  68  5:36  Roach Warren  
  66  5:51  Drone x3, Extractor x2  
  66  5:52  Drone x2  
  69  6:00  Zergling x12  
  75  6:07  Spire  
  75  6:09  Drone  
  75  6:15  Zerg Ground Armor Level 1  
  75  6:18  Drone  
  76  6:21  Drone  
  76  6:22  Drone x4  
  76  6:23  Overlord  
  76  6:24  Overlord  
  81  6:28  Overlord  
  81  6:33  Overlord  
  81  6:37  Overlord  
  82  6:40  Overlord x2, Roach  
  82  6:45  Roach x5  
  92  6:48  Roach x3  
  98  6:55  Roach x6  
  98  6:59  Roach  
  98  7:11  Roach  
  98  7:12  Roach x4  
  86  7:31  Queen  
  86  7:32  Drone  
  86  7:33  Drone x9  
  98  7:38  Drone  
  96  7:53  Mutalisk x6  
  107  8:00  Mutalisk  
  107  8:01  Mutalisk  
  111  8:09  Mutalisk x3  
  117  8:30  Mutalisk x3  
  123  8:34  Drone x7  
  123  8:38  Zerg Flyer Weapons Level 1  
  126  9:04  Drone x5  
  131  9:13  Hatchery  
  131  9:16  Drone  
  131  9:17  Drone x2  
  134  9:24  Drone x3  
  134  9:25  Glial Reconstitution  
  134  9:30  Zerg Melee Weapons Level 2  
  136  9:38  Hatchery  
  136  9:39  Drone x2  
  136  9:40  Overlord x2  
  137  9:55  Infestation Pit  
  136  10:08  Zergling x4  
  136  10:09  Zergling x30  
  153  10:24  Overlord  
  135  10:38  Mutalisk  
  135  10:39  Mutalisk x2  
  135  10:41  Overlord x2  
  138  10:47  Mutalisk x4  
  95  11:06  Mutalisk x10  
  95  11:10  Queen  
  109  11:18  Zergling x2  
  109  11:19  Zergling x4  
  108  11:39  Zergling x16  
  94  11:41  Zergling x2  
  94  11:45  Zergling x2  
  94  11:52  Zergling x2  
  94  11:53  Zergling x6  
Show
View Real Time Build Order
Export as new Build Order

Nice Protoss - Winner!

Build Orders: 1 Gate Expand, Oracle Opening 

Get SALT Encoding   

  12  0:01  Probe (Chrono Boost)  
  13  0:12  Probe (Chrono Boost)  
  14  0:17  Pylon  
  14  0:23  Probe (Chrono Boost)  
  15  0:36  Probe (Chrono Boost)  
  15  0:37  Gateway  
  16  0:46  Probe (Chrono Boost)  
  17  0:50  Assimilator  
  18  0:57  Probe (Chrono Boost)  
  18  1:07  Probe (Chrono Boost)  
  19  1:18  Probe (Chrono Boost)  
  20  1:27  Nexus  
  20  1:32  Zealot (Chrono Boost)  
  22  1:40  Cybernetics Core  
  22  1:46  Pylon  
  22  1:51  Probe  
  23  2:04  Probe (Chrono Boost)  
  24  2:16  Probe (Chrono Boost)  
  24  2:17  Adept  
  24  2:19  Warp Gate  
  27  2:26  Probe (Chrono Boost)  
  27  2:27  Assimilator  
  28  2:37  Probe (Chrono Boost)  
  29  2:40  Probe (Chrono Boost)  
  30  2:45  Adept  
  30  2:47  Probe (Chrono Boost)  
  30  2:50  Probe (Chrono Boost)  
  34  2:58  Probe (Chrono Boost)  
  35  3:01  Probe (Chrono Boost)  
  35  3:04  Stargate  
  36  3:05  Assimilator  
  36  3:08  Probe (Chrono Boost)  
  36  3:11  Probe (Chrono Boost)  
  36  3:12  Adept  
  40  3:19  Probe (Chrono Boost)  
  41  3:22  Probe (Chrono Boost)  
  42  3:29  Probe (Chrono Boost)  
  42  3:32  Probe (Chrono Boost)  
  43  3:34  Pylon  
  43  3:40  Mothership Core (Chrono Boost)  
  45  3:42  Probe (Chrono Boost)  
  46  3:52  Probe, Pylon, Oracle (Chrono Boost)  
  46  3:53  Assimilator  
  46  3:55  Adept  
  52  4:00  Probe  
  52  4:02  Probe  
  53  4:07  Gateway  
  53  4:08  Gateway  
  54  4:12  Probe  
  54  4:13  Probe  
  56  4:23  Probe  
  56  4:24  Probe, Robotics Facility  
  58  4:40  Nexus  
  58  4:41  Pylon  
  58  4:44  Probe  
  60  4:49  Probe  
  60  4:58  Void Ray (Chrono Boost)  
  60  4:59  Adept  
  62  5:03  Probe  
  59  5:07  Pylon  
  59  5:13  Adept  
  61  5:18  Adept  
  61  5:19  Probe  
  61  5:20  Pylon  
  61  5:22  Probe, Robotics Bay  
  62  5:31  Probe  
  62  5:32  Probe  
  62  5:34  Adept  
  62  5:35  Adept  
  68  5:43  Adept  
  68  5:44  Probe  
  68  5:47  Probe  
  68  5:49  Pylon  
  72  5:56  Adept x2  
  76  5:58  Probe  
  76  6:00  Warp Prism (Chrono Boost)  
  79  6:04  Probe x2  
  81  6:15  Forge  
  81  6:16  Zealot, Gateway  
  81  6:18  Adept x2  
  87  6:21  Probe x2  
  87  6:22  Probe, Gravitic Drive (Chrono Boost)  
  90  6:33  Disruptor (Chrono Boost)  
  93  6:47  Probe  
  93  6:49  Probe x2  
  93  6:51  Assimilator  
  93  6:52  Photon Cannon, Assimilator, Protoss Ground Weapons Level 1  
  96  6:59  Adept  
  96  7:00  Adept  
  96  7:01  Probe  
  100  7:15  Probe  
  100  7:22  Disruptor (Chrono Boost)  
  91  7:32  Probe  
  91  7:34  Probe  
  91  7:35  Probe  
  91  7:37  Stalker x3  
  94  7:39  Twilight Council  
  94  7:40  Pylon  
  94  7:43  Gateway  
  94  7:44  Probe x2  
  94  7:48  Gateway  
  94  7:49  Gateway  
  96  7:52  Gateway  
  96  7:53  Disruptor (Chrono Boost)  
  96  7:54  Gateway  
  96  7:55  Probe  
  96  7:57  Probe  
  97  8:07  Stalker x2  
  97  8:08  Stalker  
  97  8:11  Pylon  
  103  8:13  Pylon  
  103  8:14  Pylon  
  103  8:20  Pylon  
  103  8:23  Pylon  
  103  8:24  Stalker, Disruptor (Chrono Boost)  
  108  8:30  Phoenix (Chrono Boost)  
  107  8:37  Photon Cannon  
  107  8:38  Photon Cannon  
  107  8:39  Photon Cannon  
  107  8:41  Photon Cannon  
  107  8:42  Photon Cannon  
  107  8:46  Protoss Ground Weapons Level 2  
  103  8:48  Stalker x2  
  103  8:49  Stalker  
  103  8:50  Stalker x2  
  103  8:52  Stalker x3, Phoenix (Chrono Boost)  
  121  9:06  Blink (Chrono Boost)  
  121  9:14  Phoenix (Chrono Boost)  
  123  9:22  Stalker x2  
  123  9:23  Stalker x3  
  125  9:33  Photon Cannon  
  125  9:34  Photon Cannon  
  125  9:36  Phoenix (Chrono Boost)  
  125  9:37  Observer (Chrono Boost)  
  128  9:39  Stalker x3  
  128  9:44  Dark Shrine  
  131  10:00  Phoenix (Chrono Boost)  
  131  10:04  Stalker x5  
  143  10:08  Warp Prism (Chrono Boost)  
  142  10:23  Pylon  
  142  10:28  Pylon  
  142  10:33  Phoenix  
  140  10:41  Stalker  
  140  10:42  Stalker x5  
  129  11:04  Stalker  
  129  11:05  Stalker x7  
  129  11:06  Stalker  
  144  11:15  Phoenix  
  140  11:40  Phoenix (Chrono Boost)  
  140  11:43  Pylon  
  140  11:44  Pylon, Stalker  
  140  11:45  Stalker x2  
  147  11:50  Stalker  
  147  11:51  Stalker x3  
  155  12:00  Stalker  
Tags
 
Add a new tag
Caveats
  • Supply blocks, unpowered buildings, or Contaminate may cause inaccurate times.
  • Supply counts are checked every 10 seconds.